| TOP OF THE 1ST |
|
Jackson Generals batting - Pitching for Trenton Thunder : LHP Armando Florez
|
|
Pitching: LHP Armando Florez
|
|
|
Batting: RHB Malik Brookshire
|
0-0: Called Strike 0-1: Foul Ball, location: 2F 0-2: Foul Ball, location: 2F 0-2: Ball 1-2: Ball 2-2: Ground out U3 (Groundball, 34, EV 95.0 MPH)
|
|
Batting: RHB Sean Peake
|
0-0: Ball 1-0: Called Strike 1-1: Swinging Strike 1-2: Ground out 6-3 (Groundball, 56D, EV 90.0 MPH)
|
|
Batting: LHB Jerrod Cluck
|
0-0: Ball 1-0: Fly out, F7 (Line Drive, 7, EV 103.1 MPH)
|
| Top of the 1st over - 0 runs, 0 hits, 0 errors, 0 left on base; Jackson 0 - Trenton 0 |
| BOTTOM OF THE 1ST |
|
Trenton Thunder batting - Pitching for Jackson Generals : RHP Justin Lee
|
|
Pitching: RHP Justin Lee
|
|
|
Batting: LHB Frank Mullen
|
0-0: Ball 1-0: Called Strike 1-1: Called Strike 1-2: Ball 2-2: Ball 3-2: Fly out, F7 (Flyball, 78D, EV 86.9 MPH)
|
|
Batting: RHB Jeremy Lewis
|
0-0: Ball 1-0: Ball 2-0: Foul Ball, location: 2F 2-1: Ground out 1-3 (Groundball, 34S, EV 73.1 MPH)
|
|
Batting: RHB Ryan Alban
|
0-0: Called Strike 0-1: Called Strike 0-2: Foul Ball, location: 2F 0-2: Ball 1-2: Foul Ball, location: 2F 1-2: Ball 2-2: Ball 3-2: Ground out 5-3 (Groundball, 5, EV 83.8 MPH)
|
| Bottom of the 1st over - 0 runs, 0 hits, 0 errors, 0 left on base; Jackson 0 - Trenton 0 |
| TOP OF THE 2ND |
|
Jackson Generals batting - Pitching for Trenton Thunder : LHP Armando Florez
|
|
Batting: LHB Cliff Thomas
|
0-0: Called Strike 0-1: Ball 1-1: Foul Ball, location: 2F 1-2: Ball 2-2: Ball 3-2: Foul Ball, location: 2F 3-2: Ground out 5-3 (Groundball, 56, EV 101.9 MPH)
|
|
Batting: RHB Harutomi Matsubara
|
0-0: Ball 1-0: Called Strike 1-1: DOUBLE (Line Drive, 7LS, EV 101.9 MPH)
|
|
Batting: LHB Tom Reynolds
|
0-0: Foul Ball, location: 2F 0-1: Ball 1-1: Ball 2-1: Ball 3-1: Foul Ball, location: 2F 3-2: Strikes out swinging
|
|
Batting: RHB Brad Robidas
|
0-0: Called Strike 0-1: Ball 1-1: Ball 2-1: Foul Ball, location: 2F 2-2: Ground out 3-1 (Groundball, 34, EV 93.1 MPH)
|
| Top of the 2nd over - 0 runs, 1 hit, 0 errors, 1 left on base; Jackson 0 - Trenton 0 |
| BOTTOM OF THE 2ND |
|
Trenton Thunder batting - Pitching for Jackson Generals : RHP Justin Lee
|
|
Batting: LHB Matt Steinke
|
0-0: Ball 1-0: Ball 2-0: Ball 3-0: Called Strike 3-1: Called Strike 3-2: Base on Balls
|
|
Batting: SHB Bobby Reynolds
|
0-0: Ball 1-0: Ball 2-0: Swinging Strike 2-1: Ball 3-1: DOUBLE (Line Drive, 7LM, EV 106.9 MPH) Matt Steinke to third
|
|
Batting: LHB Ryan Rodgers
|
0-0: Ball 1-0: Called Strike 1-1: Foul Ball, location: 2F 1-2: Ball 2-2: Ground out 4-3 (Groundball, 4M, EV 81.9 MPH) Matt Steinke scores Bobby Reynolds to third
|
|
Batting: RHB Stu Rancourt
|
0-0: Ground out U3 (Groundball, 3, EV 79.4 MPH)
|
|
Batting: RHB Jose Garza
|
0-0: Ball 1-0: Foul Ball, location: 2F 1-1: Swinging Strike 1-2: Foul Ball, location: 2F 1-2: Strikes out swinging
|
| Bottom of the 2nd over - 1 run, 1 hit, 0 errors, 1 left on base; Jackson 0 - Trenton 1 |
| TOP OF THE 3RD |
|
Jackson Generals batting - Pitching for Trenton Thunder : LHP Armando Florez
|
|
Batting: LHB Dwain Ashford
|
0-0: DOUBLE (Line Drive, 5D, EV 105.0 MPH)
|
|
Batting: LHB Justin Long
|
0-0: Ball 1-0: Ground out 4-3 (Groundball, 4, EV 82.5 MPH) Dwain Ashford to third
|
|
Batting: RHB Malik Brookshire
|
0-0: Ball 1-0: Ball 2-0: Called Strike 2-1: Swinging Strike 2-2: Strikes out swinging
|
|
Batting: RHB Sean Peake
|
0-0: Ball 1-0: Called Strike 1-1: Foul Ball, location: 2F 1-2: Strikes out swinging
|
| Top of the 3rd over - 0 runs, 1 hit, 0 errors, 1 left on base; Jackson 0 - Trenton 1 |
| BOTTOM OF THE 3RD |
|
Trenton Thunder batting - Pitching for Jackson Generals : RHP Justin Lee
|
|
Batting: SHB Roberto Castaneda
|
0-0: Swinging Strike 0-1: Ball 1-1: Ball 2-1: SINGLE (Groundball, 4D, EV 94.4 MPH)
|
|
Batting: LHB Frank Mullen
|
0-0: Foul Ball, location: 2F 0-1: Ball 1-1: Swinging Strike Pickoff Throw by Catcher to First - Out! 1-2: Strikes out swinging
|
|
Batting: RHB Jeremy Lewis
|
0-0: Called Strike 0-1: Called Strike 0-2: Foul Ball, location: 2F 0-2: Foul Ball, location: 2F 0-2: Strikes out looking
|
| Bottom of the 3rd over - 0 runs, 1 hit, 0 errors, 0 left on base; Jackson 0 - Trenton 1 |
| TOP OF THE 4TH |
|
Jackson Generals batting - Pitching for Trenton Thunder : LHP Armando Florez
|
|
Batting: LHB Jerrod Cluck
|
0-0: Ground out 3-1 (Groundball, 34, EV 102.5 MPH)
|
|
Batting: LHB Cliff Thomas
|
0-0: Ball 1-0: Ball 2-0: Ball 3-0: Base on Balls
|
|
Batting: RHB Harutomi Matsubara
|
0-0: Called Strike 0-1: Ball 1-1: Foul Ball, location: 2F 1-2: Strikes out swinging
|
|
Batting: LHB Tom Reynolds
|
0-0: Called Strike 0-1: Ball 1-1: Called Strike 1-2: Strikes out swinging
|
| Top of the 4th over - 0 runs, 0 hits, 0 errors, 1 left on base; Jackson 0 - Trenton 1 |
| BOTTOM OF THE 4TH |
|
Trenton Thunder batting - Pitching for Jackson Generals : RHP Justin Lee
|
|
Batting: RHB Ryan Alban
|
0-0: Ball 1-0: Swinging Strike 1-1: Called Strike 1-2: Foul Ball, location: 2F 1-2: Ball 2-2: Foul Ball, location: 2F 2-2: Fly out, F9 (Flyball, 89D, EV 108.8 MPH)
|
|
Batting: LHB Matt Steinke
|
0-0: Foul Ball, location: 2F 0-1: Ball 1-1: Ball 2-1: Foul Ball, location: 2F 2-2: Foul Ball, location: 2F 2-2: Foul Ball, location: 2F 2-2: Fly out, F8 (Flyball, 78XD, EV 80.0 MPH)
|
|
Batting: SHB Bobby Reynolds
|
0-0: Foul Ball, location: 2F 0-1: Ball 1-1: Foul Ball, location: 2F 1-2: Foul Ball, location: 2F 1-2: Strikes out swinging
|
| Bottom of the 4th over - 0 runs, 0 hits, 0 errors, 0 left on base; Jackson 0 - Trenton 1 |
| TOP OF THE 5TH |
|
Jackson Generals batting - Pitching for Trenton Thunder : LHP Armando Florez
|
|
Batting: RHB Brad Robidas
|
0-0: Foul Ball, location: 2F 0-1: Ball 1-1: Called Strike 1-2: Ground out 6-3 (Groundball, 6M, EV 96.9 MPH)
|
|
Batting: LHB Dwain Ashford
|
0-0: Ground out 4-3 (Groundball, 4, EV 77.5 MPH)
|
|
Batting: LHB Justin Long
|
0-0: Foul Ball, location: 2F 0-1: Ball 1-1: Called Strike 1-2: Strikes out swinging
|
| Top of the 5th over - 0 runs, 0 hits, 0 errors, 0 left on base; Jackson 0 - Trenton 1 |
| BOTTOM OF THE 5TH |
|
Trenton Thunder batting - Pitching for Jackson Generals : RHP Justin Lee
|
|
Batting: LHB Ryan Rodgers
|
0-0: Ground out 6-3 (Groundball, 6, EV 108.8 MPH)
|
|
Batting: RHB Stu Rancourt
|
0-0: Called Strike 0-1: Swinging Strike 0-2: SOLO HOME RUN (Flyball, 9D, EV 96.9 MPH), Distance : 386 ft
|
|
DELAY
|
Rain delay of 42 minutes in the 5th inning.
|
|
Pitching: RHP Tyler Rayner
|
|
|
Batting: RHB Jose Garza
|
0-0: Ball 1-0: Ball 2-0: Called Strike 2-1: Foul Ball, location: 2F 2-2: Ball 3-2: Ground out 5-3 (Groundball, 15, EV 85.0 MPH)
|
|
Batting: SHB Roberto Castaneda
|
0-0: Swinging Strike 0-1: Swinging Strike 0-2: Ball 1-2: Ball 2-2: Strikes out swinging
|
| Bottom of the 5th over - 1 run, 1 hit, 0 errors, 0 left on base; Jackson 0 - Trenton 2 |
| TOP OF THE 6TH |
|
Jackson Generals batting - Pitching for Trenton Thunder : LHP Armando Florez
|
|
Batting: RHB Malik Brookshire
|
0-0: Called Strike 0-1: Ball 1-1: Swinging Strike 1-2: Strikes out swinging
|
|
Pitching: RHP Brandon Woodroffe
|
|
|
Batting: RHB Sean Peake
|
0-0: Swinging Strike 0-1: Fly out, F8 (Flyball, 78M, EV 75.6 MPH)
|
|
Batting: LHB Jerrod Cluck
|
0-0: Called Strike 0-1: Ball 1-1: Ball 2-1: Called Strike 2-2: Ball 3-2: Strikes out swinging
|
| Top of the 6th over - 0 runs, 0 hits, 0 errors, 0 left on base; Jackson 0 - Trenton 2 |
| BOTTOM OF THE 6TH |
|
Trenton Thunder batting - Pitching for Jackson Generals : RHP Tyler Rayner
|
|
Batting: LHB Frank Mullen
|
0-0: Swinging Strike 0-1: Called Strike 0-2: Hit by Pitch
|
|
Batting: RHB Jeremy Lewis
|
0-0: Called Strike 0-1: Called Strike 0-2: Strikes out swinging
|
|
Batting: RHB Ryan Alban
|
0-0: Ball 1-0: Ball 2-0: Ball 3-0: Called Strike 3-1: Called Strike 3-2: Fielders Choice at 2nd, 5-4 (Groundball, 56, EV 99.4 MPH)
|
|
Batting: LHB Matt Steinke
|
0-0: Swinging Strike 0-1: Ball 1-1: Ball 2-1: Ball 3-1: Foul Ball, location: 2F 3-2: Foul Ball, location: 2F 3-2: Reached on error, E6 (Groundball, 6M, EV 78.1 MPH) Ryan Alban to second
|
|
Batting: SHB Bobby Reynolds
|
0-0: Called Strike 0-1: Ball 1-1: Foul Ball, location: 2F 1-2: Ground out U3 (Groundball, 34, EV 81.3 MPH)
|
| Bottom of the 6th over - 0 runs, 0 hits, 1 error, 2 left on base; Jackson 0 - Trenton 2 |
| TOP OF THE 7TH |
|
Jackson Generals batting - Pitching for Trenton Thunder : RHP Brandon Woodroffe
|
|
Pitching: LHP Travis Lowy
|
|
|
Batting: LHB Cliff Thomas
|
0-0: Ball 1-0: DOUBLE (Groundball, 5L, EV 97.5 MPH)
|
|
Batting: RHB Harutomi Matsubara
|
0-0: Ball 1-0: Ball 2-0: Ball 3-0: Called Strike 3-1: Foul Ball, location: 2F 3-2: Base on Balls
|
|
Batting: LHB Tom Reynolds
|
0-0: Ball 1-0: Swinging Strike 1-1: Ball 2-1: Sac Bunt to 13S - play at first, batter OUT! 1-3 Cliff Thomas to third Harutomi Matsubara to second
|
|
Batting: RHB Brad Robidas
|
0-0: Ball Balk! Cliff Thomas scores Harutomi Matsubara to third 1-0: Ball 2-0: Called Strike 2-1: SINGLE (Flyball, 8RS, EV 98.1 MPH) Harutomi Matsubara scores
|
|
Batting: RHB Micah Roth
|
0-0: Ball 1-0: Ball 2-0: Ball 3-0: Base on Balls Brad Robidas to second
|
|
Batting: LHB Justin Long
|
0-0: Called Strike 0-1: Ball 1-1: Ball 2-1: Foul Ball, location: 2F 2-2: Ball 3-2: Fly out, F8 (Flyball, 8LM, EV 88.8 MPH)
|
|
Batting: RHB Malik Brookshire
|
0-0: Ground out 4-3 (Groundball, 4, EV 76.9 MPH)
|
| Top of the 7th over - 2 runs, 2 hits, 0 errors, 2 left on base; Jackson 2 - Trenton 2 |
| BOTTOM OF THE 7TH |
|
Trenton Thunder batting - Pitching for Jackson Generals : RHP Tyler Rayner
|
|
Pitching: LHP Matt Purke Jr.
|
|
|
Batting: LHB Ryan Rodgers
|
0-0: Ball 1-0: Foul Ball, location: 2F 1-1: Fly out, F6 (Line Drive, 6, EV 66.9 MPH)
|
|
Batting: RHB Stu Rancourt
|
0-0: Ball 1-0: Called Strike 1-1: Ball 2-1: Ball 3-1: Base on Balls
|
|
Batting: RHB Jose Garza
|
0-0: Called Strike 0-1: Ball 1-1: Foul Ball, location: 2F 1-2: Foul Ball, location: 2F 1-2: Fielders Choice at 2nd, 4-6 (Groundball, 34, EV 85.6 MPH)
|
|
Batting: SHB Roberto Castaneda
|
0-0: Ball 1-0: SINGLE (Flyball, 4MD, EV 86.3 MPH) Jose Garza to second Runner from 2nd tries for 3rd, SAFE, throw by CF made to third
|
|
Batting: LHB Frank Mullen
|
0-0: Foul Ball, location: 2F 0-1: Ball 1-1: Fly out, F7 (Flyball, 7D, EV 92.5 MPH)
|
| Bottom of the 7th over - 0 runs, 1 hit, 0 errors, 2 left on base; Jackson 2 - Trenton 2 |
| TOP OF THE 8TH |
|
Jackson Generals batting - Pitching for Trenton Thunder : LHP Travis Lowy
|
|
Pitching: LHP U-suk Leem
|
|
|
Batting: RHB Sean Peake
|
0-0: Ball 1-0: Swinging Strike 1-1: Ball 2-1: Swinging Strike 2-2: Strikes out looking
|
|
Batting: LHB Jerrod Cluck
|
0-0: Ball 1-0: Called Strike 1-1: SINGLE (Flyball, 7LS, EV 99.4 MPH)
|
|
Pinch Hitting: RHB Tony Vargas
|
0-0: Foul Ball, location: 2F 0-1: Ball 1-1: DOUBLE (Line Drive, 8LD, EV 91.9 MPH) Jerrod Cluck to third
|
|
Batting: RHB Harutomi Matsubara
|
0-0: Ball 1-0: SINGLE (Line Drive, 89M, EV 99.4 MPH) Jerrod Cluck scores Tony Vargas to third Throwing error, E9 Tony Vargas scores Harutomi Matsubara to second
|
|
Batting: LHB Tom Reynolds
|
0-0: Ball 1-0: Ground out 5-3 (Groundball, 5L, EV 108.1 MPH)
|
|
Batting: RHB Brad Robidas
|
0-0: Ball 1-0: Called Strike 1-1: Foul Ball, location: 2F 1-2: Ball 2-2: Strikes out swinging
|
| Top of the 8th over - 2 runs, 3 hits, 1 error, 1 left on base; Jackson 4 - Trenton 2 |
| BOTTOM OF THE 8TH |
|
Trenton Thunder batting - Pitching for Jackson Generals : LHP Matt Purke Jr.
|
|
Pitching: RHP Mark Case
|
|
|
Now at C: Malik Brookshire
|
|
|
Now at 2B: Jesus Torres
|
|
|
Now in RF: Ignacio Bernal
|
|
|
Batting: RHB Jeremy Lewis
|
0-0: Swinging Strike 0-1: Foul Ball, location: 2F 0-2: Ball 1-2: Ball 2-2: Ball 3-2: Strikes out swinging
|
|
Batting: RHB Ryan Alban
|
0-0: Swinging Strike 0-1: Swinging Strike 0-2: Ball 1-2: Fly out, F9 (Flyball, 89M, EV 95.0 MPH)
|
|
Batting: LHB Matt Steinke
|
0-0: Called Strike 0-1: Foul Ball, location: 2F 0-2: Fly out, F8 (Flyball, 8LS, EV 91.3 MPH)
|
| Bottom of the 8th over - 0 runs, 0 hits, 0 errors, 0 left on base; Jackson 4 - Trenton 2 |
| TOP OF THE 9TH |
|
Jackson Generals batting - Pitching for Trenton Thunder : LHP U-suk Leem
|
|
Pitching: RHP Nick Howard
|
|
|
Batting: RHB Micah Roth
|
0-0: Swinging Strike 0-1: Fly out, F4 (Popup, 34, EV 65.0 MPH)
|
|
Batting: LHB Ignacio Bernal
|
0-0: Ball 1-0: Foul Ball, location: 2F 1-1: Called Strike 1-2: Fly out, F8 (Line Drive, 8LM, EV 92.5 MPH)
|
|
Batting: RHB Malik Brookshire
|
0-0: Ground out 3-1 (Groundball, 34, EV 101.3 MPH)
|
| Top of the 9th over - 0 runs, 0 hits, 0 errors, 0 left on base; Jackson 4 - Trenton 2 |
| BOTTOM OF THE 9TH |
|
Trenton Thunder batting - Pitching for Jackson Generals : RHP Mark Case
|
|
Pitching: RHP Victor Cervantes
|
|
|
Batting: SHB Bobby Reynolds
|
0-0: Called Strike 0-1: Ball 1-1: Foul Ball, location: 2F 1-2: SINGLE (Line Drive, 89M, EV 100.0 MPH)
|
|
Batting: LHB Ryan Rodgers
|
0-0: Ball 1-0: Ball 2-0: Ball 3-0: Called Strike 3-1: Base on Balls Bobby Reynolds to second
|
|
Batting: RHB Stu Rancourt
|
0-0: Bunt missed! 0-1: Sac Bunt to 3S - play at first, batter OUT! 3-4 Bobby Reynolds to third Ryan Rodgers to second
|
|
Pinch Hitting: SHB David Bantista
|
0-0: Ball 1-0: Called Strike 1-1: Swinging Strike 1-2: Ball 2-2: Strikes out swinging
|
|
Batting: SHB Roberto Castaneda
|
0-0: Called Strike 0-1: Ball 1-1: Ball 2-1: Foul Ball, location: 2F 2-2: Strikes out looking
|
| Bottom of the 9th over - 0 runs, 1 hit, 0 errors, 2 left on base; Jackson 4 - Trenton 2 |
|